 Dungeon Crawl Stone Soup version 0.31-a0-1612-g4aaf141004 (webtiles) character file.

Game seed: 13790929549983266244

25856 Gargoyl the Protected (level 13, 0/126 HPs)
             Began as a Gargoyle Berserker on Jan 9, 2024.
             Was a Believer of Trog.
             Slain by a deep elf archer
             ... wielding a +0 short sword
              (2 damage)
             ... on level 13 of the Dungeon.
             The game lasted 00:26:33 (12604 turns).

Gargoyl the Protected (Gargoyle Berserker)         Turns: 12604, Time: 00:26:33

Health: 0/126      AC: 39    Str: 21    XL:     13   Next: 22%
Magic:  13/13      EV:  8    Int:  9    God:    Trog [**....]
Gold:   833        SH:  6    Dex: 13    Spells: 12/12 levels left

rFire   + + .        w - +4 hand axe
rCold   + . .        g - +2 buckler {rC+ rF+}
rNeg    + . .        q - +1 plate armour
rPois   ∞            B - +1 hat
rElec   +            b - +2 cloak {Stlth+}
rCorr   .            i - +2 pair of gloves
SInv    .            F - +1 pair of boots
Will    +++..        (no amulet) Stlth
                     o - ring of willpower
HPRegen 1.41/turn    (no ring)
MPRegen 0.13/turn

%: no passive effects
@: berserking (expiring), strong-willed (expiring), regenerating (expiring),
very quick
A: sickness immunity, AC +9, negative energy resistance 1, electricity
resistance, torment resistance 1, petrification resistance, iridescent scales 1,
deterioration 1, fire resistance 1
a: Renounce Religion, Berserk, Trog's Hand


You were on level 13 of the Dungeon.
You worshipped Trog.
Trog was pleased with you.
You visited 1 branch of the dungeon, and saw 13 of its levels.
You also visited: Bailey.

You collected 833 gold pieces.

Inventory:

Hand Weapons
 w - a +4 hand axe (weapon)
 y - a +2 long sword of flaming
 C - a +3 war axe of freezing
 L - the +9 long sword of Wrongful Imprisonment {antimagic, rF+}
   (You found it on level 13 of the Dungeon)

   rF+:       It protects you from fire.
Missiles
 u - a curare-tipped dart (quivered)
 A - 4 throwing nets
Armour
 b - a +2 cloak of stealth (worn)
 g - a +2 buckler of resistance (worn)
 i - a +2 pair of gloves (worn)
 q - a +1 plate armour (worn)
 B - a +1 hat (worn)
 F - a +1 pair of boots (worn)
Jewellery
 o - a ring of willpower (left hand)
 I - a +5 ring of evasion
 N - an amulet of magic regeneration
Wands
 a - a wand of acid (12)
 d - a wand of mindburst (12)
 j - a wand of digging (9)
 n - a wand of charming (24)
 z - a wand of iceblast (5)
 E - a wand of flame (24)
Scrolls
 h - 2 scrolls of fear
 k - 3 scrolls of torment
 l - a scroll of revelation
 m - a scroll of identify
 p - 3 scrolls of immolation
 s - 3 scrolls of blinking
 v - 3 scrolls of fog
 x - 4 scrolls of teleportation
 H - a scroll of poison
 K - 2 scrolls of silence
 M - a scroll of summoning
Potions
 c - 2 potions of attraction
 e - 2 potions of resistance
 f - 9 potions of curing
 r - a potion of heal wounds
 t - a potion of cancellation
 D - a potion of brilliance
 G - 2 potions of invisibility
 J - a potion of might


   Skills:
 + Level 11.1 Fighting
 + Level 10.8 Short Blades
 + Level 7.0 Axes
 + Level 0.4 Throwing
 + Level 13.0 Armour
 + Level 4.9 Dodging
 + Level 7.2 Stealth
 + Level 0.6 Shields


You had 12 spell levels left.
You didn't know any spells.
Your spell library was empty.

Dungeon Overview and Level Annotations

Branches:
Dungeon (13/15)            Temple (0/1) D:6            Lair (0/5) D:11
    Orc (0/2) D:11         Bailey (visited)
 Vaults: D:13-14

Altars:
Ashenzari
Dithmenos
Elyvilon
Fedhas
Gozag
Qazlal
Ru
Sif Muna
Trog
Uskayaw
Vehumet
Yredelemnul
Zin
The Shining One

Shops:
D:1 (   D:3 !   D:11 [(

Annotations:
D:4 1 runed translucent door


Innate Abilities, Weirdness & Mutations

You are immune to sickness and miasma.
Your stone body is resilient. (AC +9)
You are immune to poison.
You resist negative energy. (rN+)
You are resistant to electric shocks. (rElec)
You are resistant to unholy torment.
You are immune to petrification.
You are partially covered in iridescent scales. (AC +2)
Your body sometimes deteriorates upon taking damage.
Your flesh is heat resistant. (rF+)


Message History

You slash the troll!
You kill the troll!
Trog accepts your kill.
You barely miss the deep elf pyromancer.
You barely miss something.
You hear some strange, mumbled words.
A shard of ice appears from out of thin air!
The shard of ice hits you. You partially resist.
* * * LOW HITPOINT WARNING * * *
The deep elf zephyrmancer casts a spell at you.
The bolt of lightning hits you. You resist.
* * * LOW HITPOINT WARNING * * *
The deep elf pyromancer hits you but does no damage.
You hear a roar!
You feel your dexterity returning.
Your Axes skill increases to level 7!
You barely miss the deep elf archer.
The deep elf archer is heavily wounded.
You hit the deep elf pyromancer. You closely miss something.
You hit the deep elf pyromancer.
You hear some strange, mumbled words.
A shard of ice appears from out of thin air!
The shard of ice misses you.
The deep elf archer hits you but does no damage.
Something hits you but does no damage.
You hit the deep elf archer.
The deep elf archer is heavily wounded.
You slice the deep elf pyromancer!! You hit the deep elf pyromancer.
You closely miss something.
The deep elf pyromancer hits you but does no damage.
The deep elf zephyrmancer points at you and mumbles some strange words.
The bolt of lightning hits you. You resist.
* * * LOW HITPOINT WARNING * * *
An eight-headed hydra comes into view.
The deep elf pyromancer casts a spell.
The deep elf pyromancer blinks!
The deep elf archer mumbles some strange words.
The deep elf archer blinks!
The deep elf archer hits you with a +0 short sword.
You die...

######....########''##########
######.#.)#..e.?#....*,,,,,,,*
...###....#....(#.?..#,,,,,,,*
##.###...)#..####....#*****,,*
##.###.#..#e...e......,,,,,,,*
.#.###..).#...........,.,,,,,*
.#.###....###..######..##*****
.......#..#....§e........,,,,*
#####.....#.(.§{@........,,,,*
#####.....#..####e...####**,,*
#####..#..#^)#!........e,,*,,*
#####..!..#..#?..........,*,,*
######(...#..######....##**,,*
######.#..#....,,,,......,,,,*
*****#....#,,,,,,,,....).,,,,*
,,,,,*....#*********D###****+*
****,,,*,,*,,,,,,,,,,,,,,,,,,*


You could see an eight-headed hydra, a deep elf archer (repels missiles), 2 deep
elf pyromancers and a deep elf zephyrmancer.

Vanquished Creatures
  Gastronok (D:8)
  2 vault guards (Bailey)
  Harold (D:9)
  A boulder beetle (D:12)
  5 two-headed ogres
  A deep elf archer (D:13)
  2 deep elf zephyrmancers (D:13)
  2 ugly things (D:12)
  7 deep elf pyromancers (D:13)
  A cyclops (D:11)
  A gargoyle (D:10)
  Maggie (D:7)
  Jeremiah (D:8)
  An unseen horror (D:12)
  A kobold demonologist (D:12)
  5 trolls
  Prince Ribbit (Bailey)
  Sigmund (D:6)
  7 slime creatures (D:12)
  2 wraiths
  16 yaks
  A vampire (D:12)
  4 humans (Bailey)
  A fire bat (D:11)
  A shadow (D:12)
  3 wyverns
  Menkaure (D:5)
  2 vampire mosquitoes (D:12)
  2 steam dragons
  A water moccasin (D:11)
  An acid dragon (D:11)
  2 laughing skulls (D:12)
  2 orc warriors (D:11)
  A swamp drake (D:10)
  2 ice beasts (D:6)
  5 black bears
  2 wolves (D:11)
  4 centaurs
  A kobold brigand (D:9)
  9 bullfrogs (Bailey)
  A scorpion (D:11)
  20 wights
  6 killer bees (D:9)
  4 howler monkeys
  2 bombardier beetles
  2 jellies
  3 orc priests
  6 hounds
  Crazy Yiuf (D:4)
  A human skeleton (D:4)
  6 iguanas
  A sleepcap (D:6)
  7 orc wizards
  12 gnolls
  10 adders
  2 shadow imps
  A white imp (D:5)
  3 ribbon worms
  37 orcs
  3 bats
  10 endoplasms
  4 giant cockroaches
  11 goblins
  8 hobgoblins
  5 jackals
  13 kobolds
  4 quokkas
  4 ball pythons
  4 frilled lizards
  A kobold skeleton (D:4)
  7 rats
304 creatures vanquished.

Vanquished Creatures (collateral kills)
  A troll (D:12)
  A slime creature (D:12)
  A yak (D:10)
  An ice beast (Bailey)
  A bullfrog (Bailey)
  2 howler monkeys
  A ball python (D:3)
  An endoplasm (D:3)
9 creatures vanquished.

Vanquished Creatures (others)
  A yak (D:11)
  A human (Bailey)
  A yak zombie (D:12)
  A bullfrog zombie (Bailey)
  An orc wizard (D:7)
  A gnoll zombie (D:5)
  A frilled lizard zombie (D:3)
  A rat zombie (D:3)
8 creatures vanquished.

Grand Total: 321 creatures vanquished

Notes
Turn   | Place    | Note
-------+----------+-------------------------------------------
     0 | D:1      | Gargoyl the Gargoyle Berserker began the quest for the Orb.
     0 | D:1      | Reached XP level 1. HP: 14/14 MP: 1/1
   184 | D:1      | Reached XP level 2. HP: 17/19 MP: 2/2
   407 | D:1      | Found Miby's Weapon Shop.
   632 | D:1      | Reached XP level 3. HP: 23/23 MP: 3/3
  1105 | D:2      | Reached ** piety under Trog
  1106 | D:2      | Reached XP level 4. HP: 27/29 MP: 4/4
  1154 | D:2      | Identified the +4 dagger of the Lesser Evil {chaos, +Blink
                  | Dex+2 Stlth+}
  1280 | D:2      | Found a faded altar of an unknown god.
  1801 | D:3      | Found Unitiov's Distillery.
  1930 | D:3      | Found a radiant altar of Vehumet.
  1982 | D:3      | Reached skill level 1 in Stealth
  1982 | D:3      | Reached XP level 5. HP: 33/33 MP: 5/5
  2176 | D:4      | Found a bloodstained altar of Trog.
  2195 | D:4      | Reached skill level 1 in Short Blades
  2350 | D:4      | Reached XP level 6. HP: 23/38 MP: 6/6
  2457 | D:4      | Found a runed translucent door.
  2457 | D:4      | Noticed a human
  2458 | D:4      | Found a basalt altar of Yredelemnul.
  2563 | D:4      | You fall into a shaft and drop 1 floor!
  2563 | D:5      | Entered Level 5 of the Dungeon
  2603 | D:5      | Noticed a black bear
  2610 | D:5      | Killed a black bear
  2646 | D:5      | Reached XP level 7. HP: 44/44 MP: 7/7
  2916 | D:4      | Found a glowing silver altar of Zin.
  2916 | D:4      | Found a glowing golden altar of the Shining One.
  2916 | D:4      | Found a white marble altar of Elyvilon.
  2974 | D:4      | Found a broken altar of Ashenzari.
  3218 | D:4      | Found a shimmering blue altar of Sif Muna.
  3331 | D:4      | Found a runed translucent door.
  3332 | D:4      | Noticed Crazy Yiuf
  3481 | D:4      | Killed Crazy Yiuf
  3677 | D:5      | Noticed Menkaure
  3684 | D:5      | Killed Menkaure
  3806 | D:5      | Reached skill level 5 in Fighting
  3806 | D:5      | Reached XP level 8. HP: 34/49 MP: 8/8
  4154 | D:5      | Reached skill level 3 in Armour
  4640 | D:6      | Found a staircase to the Ecumenical Temple.
  4725 | D:6      | Reached skill level 4 in Armour
  4796 | D:6      | Noticed Sigmund
  4801 | D:6      | Killed Sigmund
  4802 | D:6      | Reached skill level 5 in Short Blades
  5154 | D:6      | Reached skill level 5 in Armour
  5623 | D:6      | Reached XP level 9. HP: 49/54 MP: 9/9
  5872 | D:7      | Reached skill level 6 in Armour
  6106 | D:7      | Noticed Maggie
  6120 | D:7      | Killed Maggie
  6578 | D:8      | Noticed Gastronok
  6604 | D:8      | Killed Gastronok
  6605 | D:8      | Reached skill level 7 in Armour
  6605 | D:8      | Reached XP level 10. HP: 61/61 MP: 10/10
  6664 | D:8      | Found a shadowy altar of Dithmenos.
  6697 | D:8      | Found a blossoming altar of Fedhas.
  6865 | D:8      | Reached skill level 8 in Armour
  6996 | D:8      | Noticed Jeremiah
  7032 | D:8      | Killed Jeremiah
  7314 | D:9      | Gained mutation: Your flesh is heat resistant. (rF+)
                  | [potion of mutation]
  7314 | D:9      | Gained mutation: You are partially covered in iridescent
                  | scales. (AC +2) [potion of mutation]
  7314 | D:9      | Gained mutation: Your body sometimes deteriorates upon
                  | taking damage. [potion of mutation]
  7353 | D:9      | Noticed a two-headed ogre
  7365 | D:9      | Killed a two-headed ogre
  7381 | D:9      | Noticed a two-headed ogre
  7401 | D:9      | Killed a two-headed ogre
  7402 | D:9      | Reached skill level 5 in Stealth
  7460 | D:9      | Reached skill level 9 in Armour
  7540 | D:9      | Found a hide-covered altar of Uskayaw.
  7699 | D:9      | Reached XP level 11. HP: 62/68 MP: 11/11
  7802 | D:9      | Noticed Harold
  7855 | D:9      | Killed Harold
  8578 | D:10     | Entered Level 10 of the Dungeon
  8705 | D:10     | Noticed a two-headed ogre
  8726 | D:10     | Killed a two-headed ogre
  8727 | D:10     | Reached skill level 10 in Short Blades
  8727 | D:10     | Reached skill level 10 in Armour
  8739 | D:10     | Found a flagged portal.
  8750 | Bailey   | Entered a bailey
  8899 | Bailey   | Noticed a vault guard
  8899 | Bailey   | Noticed Prince Ribbit
  8930 | Bailey   | Killed a vault guard
  8932 | Bailey   | Killed Prince Ribbit
  8968 | Bailey   | Noticed a vault guard
  8994 | Bailey   | Killed a vault guard
  9273 | D:10     | Reached skill level 11 in Armour
  9299 | D:10     | Found a sacrificial altar of Ru.
  9360 | D:10     | Found a stormy altar of Qazlal.
  9424 | D:10     | Found an opulent altar of Gozag.
  9480 | D:10     | Reached XP level 12. HP: 66/76 MP: 12/12
  9974 | D:11     | Noticed a two-headed ogre
  9995 | D:11     | Killed a two-headed ogre
 10290 | D:11     | Found a staircase to the Lair.
 10338 | D:11     | Found Hoymis's Armour Shoppe.
 10369 | D:11     | Reached *** piety under Trog
 10402 | D:11     | Reached skill level 12 in Armour
 10410 | D:11     | Found a staircase to the Orcish Mines.
 10422 | D:11     | Found Gogudish's Weapon Shoppe.
 10661 | D:12     | Reached skill level 10 in Fighting
 11293 | D:12     | Reached skill level 5 in Axes
 11442 | D:12     | Noticed a boulder beetle
 11451 | D:12     | Noticed a two-headed ogre
 11465 | D:12     | Killed a boulder beetle
 11472 | D:12     | Killed a two-headed ogre
 12158 | D:13     | Identified a scroll of acquirement
 12162 | D:13     | Acquired a +2 buckler of resistance
 12205 | D:13     | Noticed a deep elf knight
 12233 | D:13     | Reached XP level 13. HP: 77/84 MP: 13/13
 12275 | D:13     | Identified the +9 long sword of Wrongful Imprisonment
                  | {antimagic, rF+}
 12457 | D:13     | Reached skill level 13 in Armour
 12586 | D:13     | Identified the +0 quarterstaff of Dutotautz {flame, *Slow
                  | rElec Will+}
 12602 | D:13     | HP: 5/126 [deep elf zephyrmancer/bolt of lightning (6)]
 12604 | D:13     | HP: 2/126 [deep elf zephyrmancer/bolt of lightning (5)]
 12604 | D:13     | Slain by a deep elf archer

Illustrated notes

Levels and vault maps discovered:
D:1:      wander_arrival_lonely_grave, layout_loops_cross, serial_shops,
          nicolae_shop_bloodbath_and_beyond
D:2:      layout_loops_ring, basic_ecumenical_altar
D:3:      layout_rooms, vehumet_crystals, serial_shops, shop
D:4:      layout_basic, dreamdust_divine_triumvirate, lemuel_tele_altar,
          general_overflow_altar, led_sif_book, dk_yredelemnul_ordeal,
          uniq_crazy_yiuf_cottage
D:5:      layout_gridville, uniq_menkaure
D:6:      layout_loops_corners, minmay_temple_entry_gardened_gates, uniq_sigmund
D:7:      layout_rooms, minmay_holes, minmay_misc_feat_tower, uniq_maggie
D:8:      layout_basic, grunt_temple_overflow_open, nicolae_titane,
          uniq_jeremiah, uniq_gastronok
D:9:      layout_basic, nicolae_overflow_crystal_walls, uniq_harold
D:10:     layout_basic, mainiacjoe_overflow_tiny_flanked, kennysheep_mini,
          nicolae_qazlal_general_emergency, enter_bailey_3
D:11:     layout_rooms, minmay_lair_entry_grove, orc_david_3,
          dreamdust_wishing_well
D:12:     layout_long_grid, minmay_fountain_box, grunt_ministairs_2
D:13:     minmay_elf_outpost, layout_loops_cross,
          hellmonk_vaults_attempted_burglary, gauntlet_entry_generic,
          serial_shops, shop, uniq_jorgrun

Skill      XL: |  1  2  3  4  5  6  7  8  9 10 11 12 13 |
---------------+----------------------------------------+-----
Axes           | 3 5 7 |  7.0
Dodging        | 2 3 4 |  4.9
Stealth        | 1 2 3 4 5 6 7 |  7.2
Fighting       | 4 5 6 7 9 10 11 | 11.1
Short Blades   | 2 3 4 5 7 9 10 | 10.8
Armour         | 5 7 9 11 12 13 | 13.0
Throwing       | |  0.4
Shields        | |  0.6

Action                     |  1- 3 |  4- 6 |  7- 9 | 10-12 | 13-15 || total
---------------------------+-------+-------+-------+-------+-------++-------
  Melee: Hand axe          |   113 |     2 |       |    80 |   114 ||   309
         Dagger            |       |   130 |   389 |  1072 |       ||  1591
         Punch             |       |     2 |     8 |    19 |       ||    29
  Throw: Dart              |       |       |       |     3 |     2 ||     5
 Invoke: Trog's Hand       |       |     4 |    10 |    24 |     7 ||    45
         Berserk           |       |     3 |    10 |    10 |     3 ||    26
    Use: Scroll            |     6 |     6 |     6 |    13 |       ||    31
         Potion            |       |     1 |       |     1 |     2 ||     4
   Stab: Sleeping          |       |     5 |     5 |       |       ||    10
         Confused          |       |       |     1 |     4 |       ||     5
         Petrifying        |       |       |     1 |     5 |       ||     6
         Distracted        |       |       |       |     2 |       ||     2
         Paralysed         |       |       |       |     2 |       ||     2
         Petrified         |       |       |       |     2 |       ||     2
         Held in net/web   |       |       |       |     1 |       ||     1
 Armour: Animal skin       |    83 |   104 |    18 |       |       ||   205
         Plate armour      |       |       |   273 |   979 |   290 ||  1542
  Dodge: Dodged            |    78 |    86 |   128 |   326 |    68 ||   686
  Block: Buckler           |       |       |       |     5 |    39 ||    44

Table legend: (Time is in decaauts)
 A = Elapsed time spent in this place.
 B = Non-inter-level travel time spent in this place.
 C = Inter-level travel time spent in this place.
 D = Time resting spent in this place.
 E = Time spent auto-exploring this place.
 F = Levels seen in this place.
 G = Mean time per level.
                   A        B        C        D        E       F      G
               +--------+--------+--------+--------+--------+-----+--------+
         Total |  12206 |  11861 |    345 |    680 |   7726 |  14 |  871.9 |
       Dungeon |  11876 |  11531 |    345 |    680 |   7563 |  13 |  913.5 |
        Bailey |    329 |    329 |      0 |      0 |    163 |   1 |  329.0 |
               +--------+--------+--------+--------+--------+-----+--------+

Top non-repeatable levels by time:
    D:12: 1480 daAuts
     D:5: 1246 daAuts
     D:4: 1223 daAuts
     D:9: 1162 daAuts
     D:6: 1130 daAuts
     D:8: 877 daAuts
     D:1: 830 daAuts
    D:10: 790 daAuts
     D:2: 760 daAuts
    D:11: 676 daAuts
     D:7: 618 daAuts
     D:3: 608 daAuts
    D:13: 470 daAuts
  Bailey: 329 daAuts
